 Dungeon Crawl Stone Soup version 0.24-a0-189-g5d897e9 (webtiles) character file.

Game seed: 7307074924450489994

508 nikopol the Magician (level 6, -3/32 HPs)
             Began as a Deep Elf Fire Elementalist on Mar 16, 2019.
             Slain by an orc warrior
             ... wielding a +0 scimitar
              (27 damage)
             ... on level 4 of the Dungeon on Mar 17, 2019.
             The game lasted 00:10:27 (4185 turns).

nikopol the Magician (Deep Elf Fire Elementalist)   Turns: 4185, Time: 00:10:28

Health: -3/32      AC:  4    Str:  5    XL:     6   Next: 98%
Magic:  13/17      EV: 13    Int: 22    God:
Gold:   225        SH:  0    Dex: 15    Spells: 2/17 levels left

rFire    . . .     SeeInvis .   p - +0 dagger (elec)
rCold    . . .     Gourm    .   (no shield)
rNeg     . . .     Faith    .   a - +0 robe
rPois    .         Spirit   .   l - +0 helmet
rElec    .         Reflect  .   (no cloak)
rCorr    .         Harm     .   (no gloves)
MR       .....                  t - +0 pair of boots
Stlth    ++........             (no amulet)
HPRegen  0.10/turn              (no ring)
MPRegen  0.15/turn              (no ring)

@: no status effects
A: no striking features
a: no special abilities


You were on level 4 of the Dungeon.
You were very hungry.

You visited 1 branch of the dungeon, and saw 4 of its levels.

You collected 225 gold pieces.

Inventory:

Hand Weapons
 d - a +0 dagger
 p - a +0 dagger of electrocution (weapon)
Armour
 a - a +0 robe (worn)
 l - a +0 helmet (worn)
 t - a +0 pair of boots (worn)
Jewellery
 u - an uncursed ring of magical power {unknown}
Wands
 v - a wand of clouds (7)
Scrolls
 e - a scroll of fog {unknown}
 f - 2 scrolls of remove curse {unknown}
 g - 2 scrolls of fear {unknown}
 i - 2 scrolls of identify {unknown}
 q - 2 scrolls of blinking {unknown}
 r - a scroll of enchant weapon {unknown}
Potions
 b - 3 potions of flight {unknown}
 h - a potion of haste {unknown}
 j - a potion of ambrosia {unknown}
 k - 2 potions of curing {unknown}
 m - a potion of resistance {unknown}
 n - 2 potions of agility {unknown}
 o - a potion of berserk rage {unknown}
 s - 2 potions of invisibility {unknown}
 w - 3 potions of degeneration {unknown}
Comestibles
 c - 6 rations


   Skills:
 + Level 3.3 Dodging
 + Level 3.2 Stealth
 + Level 6.2 Spellcasting
 + Level 4.2 Conjurations
 + Level 5.2 Fire Magic


You had 2 spell levels left.
You knew the following spells:

 Your Spells              Type           Power        Failure   Level  Hunger
a - Flame Tongue          Conj/Fire      ####.        1%          1    None
b - Throw Flame           Conj/Fire      ####..       1%          2    None
c - Conjure Flame         Conj/Fire      ####....     3%          3    #......
d - Sticky Flame          Conj/Fire      ####....     12%         4    ###....
e - Fireball              Conj/Fire      ####......   34%         5    #####..

Your spell library contained the following spells:

 Spells                   Type           Power        Failure   Level  Hunger
 Animate Skeleton         Necr           N/A          9%          1    None
 Apportation              Tloc           #.....       9%          1    None
 Confusing Touch          Hex            #.....       9%          1    None
 Summon Small Mammal      Summ           #...         9%          1    None
 Inner Flame              Hex/Fire       ###.....     9%          3    #......


Dungeon Overview and Level Annotations

Branches:
Dungeon (4/15)
 Temple: D:4-7

Altars:

Shops:
D:4 [


Message History

You are feeling very hungry.
You start resting.
HP restored.
You start resting.
Magic restored.
You climb downwards.
The orc warrior hits you with a +0 scimitar!
There is a stone staircase leading up, spattered with blood here.
Casting: Flame Tongue (safe; 1% risk of failure)
Confirm with . or Enter, or press ? or * to list all spells.
Aiming: Sticky Flame (safe; 12% risk of failure)
Press: ? - help, Shift-Dir - straight line, f - orc warrior
Aim: an orc warrior, wielding a +0 scimitar and wearing a +0 plate armour (moderately wounded)
The sticky flame hits the orc warrior.
The orc warrior is severely wounded.
The orc warrior is covered in liquid flames!
The orc warrior burns!
The orc warrior hits you with a +0 scimitar!!
Ouch! That really hurt!
You die...

.....##.# ####.####.#
###..##.# #.# #.#
#..##.# #.# #.#
#..##.########.# #.#
#..............# #.# #
#.∩........#.### #.#
#.###
##.....##.###.#####.#
.#... ####.......##
##......# #.##.
..##.....##.###o@######
###.##.
#.###....###.#.#[#
#...##. ........)#
##.##.# ###.#.##.
#.#####..#
#.##.########........
..# #..#
#.......o.....###....
### #....
####<..#####....####8 #
#.###. ###.# #..#..# ##
# # #.# ##.##..### #
#.# #.# ...$(


You could see an orc warrior (burning).

Vanquished Creatures
  An ogre (D:4)
  A phantom (D:4)
  An orc priest (D:4)
  2 orc wizards
  2 worker ants
  A worker ant zombie (D:4)
  6 adders
  3 dart slugs
  4 leopard geckos
  18 orcs
  5 giant cockroaches
  8 goblins
  13 hobgoblins
  8 jackals
  11 kobolds
  A quokka (D:2)
  11 bats
  5 frilled lizards
  9 rats
110 creatures vanquished.

Notes
Turn   | Place    | Note
-------+----------+-------------------------------------------
     0 | D:1      | nikopol the Deep Elf Fire Elementalist began the quest for
                  | the Orb.
     0 | D:1      | Reached XP level 1. HP: 10/10 MP: 6/6
   115 | D:1      | Reached XP level 2. HP: 15/15 MP: 2/8
   686 | D:1      | Reached XP level 3. HP: 19/19 MP: 5/10
   690 | D:1      | Learned a level 2 spell: Throw Flame
   694 | D:1      | Learned a level 3 spell: Conjure Flame
   911 | D:2      | Reached skill level 4 in Spellcasting
  1580 | D:3      | Reached XP level 4. HP: 23/24 MP: 8/12
  2002 | D:3      | Learned a level 4 spell: Sticky Flame
  2187 | D:3      | Reached XP level 5. HP: 17/28 MP: 0/14
  2418 | D:3      | Reached skill level 5 in Spellcasting
  3072 | D:4      | Noticed an ogre
  3080 | D:4      | Killed an ogre
  3080 | D:4      | Reached XP level 6. HP: 32/32 MP: 8/16
  3157 | D:4      | Learned a level 5 spell: Fireball
  3180 | D:4      | Found Zoen Wuich's Antique Armour Boutique.
  3248 | D:4      | Reached skill level 5 in Fire Magic
  3370 | D:4      | Reached skill level 6 in Spellcasting
  3398 | D:4      | Noticed an orc warrior
  4185 | D:4      | Slain by an orc warrior

Levels and vault maps discovered:
D:1:      saegor_arrival_miasma, layout_rooms, minmay_pentomino_x4
D:2:      layout_loops_ring, first_ration, minmay_split_cup_small
D:3:      kb_forest_paths, layout_basic
D:4:      layout_loops_ring, serial_shops, shop, guppyfry_early_orc_mine

Skill      XL: |  1  2  3  4  5  6 |
---------------+-------------------+-----
Spellcasting   | 4 5 6 |  6.2
Fire Magic     | 4 5 |  5.2
Conjurations   | 2 3 4 |  4.2
Stealth        | 3 |  3.2
Dodging        | 3 |  3.3

Action                   |  1- 3 |  4- 6 || total
-------------------------+-------+-------++-------
Melee: Dagger            |     1 |     3 ||     4
 Cast: Flame Tongue      |    74 |   154 ||   228
       Throw Flame       |       |     3 ||     3
       Conjure Flame     |       |     7 ||     7
       Sticky Flame      |       |     4 ||     4
  Eat: Chunk             |     1 |     8 ||     9
Armor: Robe              |    11 |    11 ||    22
Dodge: Dodged            |    24 |    42 ||    66

Table legend:
 A = Non-vault XP
 B = Vault XP
 C = Vault XP percentage of total XP
 D = Non-vault monster count
 E = Vault monster count
 F = Vault count percentage of total count
                 A         B        C        D         E       F
            +---------+---------+-------+---------+---------+-------
      Total |     597 |     129 |  17.8 |      94 |      16 |  14.5
            +---------+---------+-------+---------+---------+-------
        D:1 |      47 |       6 |  11.3 |      27 |       2 |   6.9
        D:2 |      38 |       4 |   9.5 |      15 |       3 |  16.7
        D:3 |     180 |      22 |  10.9 |      38 |       5 |  11.6
        D:4 |     332 |      97 |  22.6 |      14 |       6 |  30.0
            +---------+---------+-------+---------+---------+-------
